 Dungeon Crawl Stone Soup version 0.27.1-4-g1640c2035a (webtiles) character file.

Game seed: 2732816607243801888

360 DearestLeader the Chopper (level 6, -7/52 HPs)
             Began as a Minotaur Fighter on Nov 2, 2021.
             Killed by divine providence
             ... invoked by an orc priest
              (12 damage)
             ... on level 3 of the Dungeon on Nov 3, 2021.
             The game lasted 00:03:59 (2240 turns).

DearestLeader the Chopper (Minotaur Fighter)        Turns: 2240, Time: 00:04:00

Health: -7/52      AC: 13    Str: 23    XL:     6   Next: 38%
Magic:  5/5        EV:  6    Int:  5    God:
Gold:   111        SH: 10    Dex:  9    Spells: 5/5 levels left

rFire    . . .     SeeInvis .   k - +4 trident (freeze)
rCold    . . .     Faith    .   c - +0 kite shield
rNeg     . . .     Spirit   .   j - +0 chain mail
rPois    .         Reflect  .   (helmet restricted)
rElec    .         Harm     .   (no cloak)
rCorr    .         Rampage  .   (no gloves)
Will     .....                  (no boots)
Stlth    ..........             (no amulet)
HPRegen  0.17/turn              g - +4 ring of protection
MPRegen  0.09/turn              (no ring)

@: about to teleport, weak-willed
A: horns 2, retaliatory headbutt
a: no special abilities


You were on level 3 of the Dungeon.
You visited 1 branch of the dungeon, and saw 3 of its levels.

You collected 111 gold pieces.

Inventory:

Hand Weapons
 a - a +0 war axe
 k - a +4 trident of freezing (weapon)
Missiles
 e - a throwing net (quivered)
Armour
 b - a +0 scale mail
 c - a +0 kite shield (worn)
 j - a +0 chain mail (worn)
Jewellery
 g - a +4 ring of protection (left hand)
Scrolls
 f - a scroll of vulnerability
 i - a scroll of identify {unknown}
 m - a scroll of fear {unknown}
Potions
 d - a potion of might
 l - a potion of curing


   Skills:
 - Level 4.0 Fighting
 * Level 6.1 Axes
 + Level 5.0 Armour
 + Level 5.3 Shields


You had 5 spell levels left.
You didn't know any spells.
Your spell library contained the following spells:

 Spells                   Type           Power      Damage    Failure   Level
 Magic Dart               Conj           0%         1d3       100%        1
 Call Imp                 Summ           0%         N/A       100%        2
 Mephitic Cloud           Conj/Pois/Air  0%         N/A       100%        3


Dungeon Overview and Level Annotations

Branches:
Dungeon (3/15)

Altars:


Innate Abilities, Weirdness & Mutations

You have a pair of horns on your head.
You reflexively headbutt those who attack you in melee.


Message History

You hit the orc. You freeze the orc.
The orc is almost dead.
The orc hits you but does no damage. You block the orc's attack.
You hit the orc. You freeze the orc.
You kill the orc!
The orc priest invokes the aid of Beogh against you.
Pain shoots through your body! The orc hits you with a +0 dagger.
You puncture the orc! You freeze the orc.
You kill the orc!
You completely miss the orc priest.
The orc priest hits you but does no damage.
The orc priest calls down the wrath of Beogh upon you.
Beogh smites you!
Your chain mail prevents you from hitting the orc priest.
The orc hits you but does no damage. The orc priest barely misses you.
You barely miss the orc priest. You block the orc's attack.
The orc priest hits you but does no damage.
The orc hits you with a +2 flail of holy wrath.
You barely miss the orc priest. The orc priest hits you with a +0 mace.
The orc priest hits you but does no damage.
The orc priest invokes the aid of Beogh against you.
Pain shoots through your body!
You hit the orc priest. You freeze the orc priest.
Your headbutt misses the orc priest.
The orc priest is heavily wounded.
The orc priest looks satisfied for a moment.
You block the orc priest's attack.
An endoplasm comes into view.
The orc priest invokes the aid of Beogh against you.
Beogh smites you!
* * * LOW HITPOINT WARNING * * *
The endoplasm quivers.
The orc priest miscasts a cantrip.
As you read the scroll labelled WISAFU TYEDO, it crumbles to dust.
Magic quickly surges around you.
It was a scroll of vulnerability.
As you read the scroll labelled VIDDONO WEFUU, it crumbles to dust.
You feel strangely unstable.
It was a scroll of teleportation.
The orc priest calls down the wrath of Beogh upon you.
Beogh smites you!
You die...

#..#... #.#..###..##.#
#.###.# #.##. #.....#.#
#.##... ...#####†......#
.>.#### ####.......#####
......# #....##....#
..#...# #.......#...#
#.....# #..###†####.##
#.....#.#............#
#...........†...@....#
...............o##....#
#..............o###.....
..............J.)# #...
..........#J....#.
..........###.....
.........## #...
.......## ## .#####


You could see 2 orc priests and an endoplasm.

Vanquished Creatures
  Sigmund (D:3)
  Jessica (D:2)
  Terence (D:2)
  Robin (D:2)
  4 adders
  3 dart slugs
  6 orcs (D:3)
  4 endoplasms
  5 giant cockroaches
  9 goblins
  12 hobgoblins
  8 jackals
  A quokka (D:3)
  7 ball pythons
  4 bats
  4 frilled lizards
  5 kobolds
  8 rats
84 creatures vanquished.

Vanquished Creatures (others)
  6 plants (D:3)
6 creatures vanquished.

Grand Total: 90 creatures vanquished

Notes
Turn   | Place    | Note
-------+----------+-------------------------------------------
     0 | D:1      | DearestLeader the Minotaur Fighter began the quest for the
                  | Orb.
     0 | D:1      | Reached XP level 1. HP: 19/19 MP: 0/0
     3 | D:1      | Noticed an electric eel
     4 | D:1      | Noticed an electric eel
   354 | D:1      | Reached XP level 2. HP: 24/27 MP: 1/1
   516 | D:1      | Reached skill level 3 in Axes
  1080 | D:2      | Reached XP level 3. HP: 33/33 MP: 2/2
  1182 | D:2      | Noticed Terence
  1190 | D:2      | Killed Terence
  1191 | D:2      | Reached skill level 4 in Axes
  1191 | D:2      | Reached XP level 4. HP: 37/40 MP: 3/3
  1553 | D:2      | Noticed Robin
  1571 | D:2      | Killed Robin
  1734 | D:2      | Reached XP level 5. HP: 46/46 MP: 4/4
  1831 | D:2      | Noticed Jessica
  1835 | D:2      | Killed Jessica
  1836 | D:2      | Reached skill level 5 in Axes
  1942 | D:3      | Noticed Sigmund
  1975 | D:3      | Killed Sigmund
  1976 | D:3      | Reached skill level 5 in Shields
  1976 | D:3      | Reached XP level 6. HP: 24/52 MP: 5/5
  2026 | D:3      | Reached skill level 6 in Axes
  2217 | D:3      | Reached skill level 5 in Armour
  2240 | D:3      | Killed from afar by an orc priest

Illustrated notes

Levels and vault maps discovered:
D:1:      arrival_aquarium_b, layout_loops_corners
D:2:      layout_loops_ring, minmay_splitting_lines, uniq_jessica, uniq_terence,
          uniq_robin
D:3:      layout_rooms, serial_bayou_pond_a, grunt_decor_fettered, uniq_sigmund

Skill      XL: |  1  2  3  4  5  6 |
---------------+-------------------+-----
Axes           | 3 4 5 6 |  6.1
Fighting       | 4 |  4.0
Armour         | 4 5 |  5.0
Shields        | 4 5 |  5.3

Action                   |  1- 3 |  4- 6 || total
-------------------------+-------+-------++-------
Melee: War axe           |    77 |    51 ||   128
       Headbutt          |     7 |    10 ||    17
       Trident           |       |    53 ||    53
  Use: Potion            |       |     2 ||     2
       Scroll            |       |     2 ||     2
Armor: Scale mail        |    39 |     1 ||    40
       Chain mail        |       |    60 ||    60
Dodge: Dodged            |    19 |    21 ||    40
Block: Kite shield       |    40 |    43 ||    83
